 Dungeon Crawl Stone Soup version 0.31-a0-222-gefeffbb62a (webtiles) character file.

Game seed: 10726912893668053371

11332 Newt the Slicer (level 12, -10/65 HPs)
             Began as a Kobold Hunter on July 5, 2023.
             Was a Priest of Hepliaklqana.
             Mangled by a minotaur
             ... wielding a staff of earth
              (27 damage)
             ... in a Gauntlet.
             The game lasted 00:17:25 (14383 turns).

Newt the Slicer (Kobold Hunter)                    Turns: 14383, Time: 00:17:26

Health: -10/65     AC: 11    Str: 12    XL:     12   Next: 6%
Magic:  24/24      EV: 17    Int: 12    God:    Hepliaklqana [***...]
Gold:   1078       SH:  0    Dex: 22    Spells: 27/27 levels left

rFire   + . .        u - +1 quick blade (venom)
rCold   + + .        (no shield)
rNeg    . . .        N - +3 leather armour
rPois   .            w - +2 hat
rElec   +            M - scarf {rC+ rF+}
rCorr   .            e - +1 pair of gloves {infuse}
SInv    .            Q - +0 pair of boots
Will    +....        z - amulet "Wafroemie" {Reflect rF+ Will+ Int-4 Slay+3 SH+5}
Stlth   +++          q - ring "Yziamimp" {rElec rF- Str+4 Int+4 Slay+4}
HPRegen 0.30/turn    d - ring of protection from cold
MPRegen 0.19/turn

%: no teleportation, reflection, infuse magic (1 MP)
@: confused, ambrosia-drunk, unable to read
A: reduced essence, small, no large weapons, nightstalker 3, mutation resistance
1, inability to read after injury 1
a: Renounce Religion, Recall Ancestor, Ancestor Identity, Transference


You were in a Gauntlet.
You worshipped Hepliaklqana.
Hepliaklqana was most pleased with you.
You visited 3 branches of the dungeon, and saw 11 of its levels.
You also visited: Ossuary and Gauntlet.

You collected 1243 gold pieces.
You spent 165 gold pieces at shops.

Inventory:

Hand Weapons
 a - a +0 shortbow
 h - a +0 short sword of speed
 u - a +1 quick blade of venom (weapon)
 J - a +0 quick blade of venom
 K - a +3 scimitar of flaming
Missiles
 j - 21 throwing nets
 I - 4 poisoned darts
Armour
 c - a +0 leather armour
 e - a +1 pair of gloves of infusion (worn)
 w - a +2 hat (worn)
 D - +0 steam dragon scales
 F - a +0 kite shield
 M - a scarf of resistance (worn)
 N - a +3 leather armour (worn)
 Q - a +0 pair of boots (worn)
Jewellery
 d - a ring of protection from cold (right hand)
 n - an amulet of reflection
 p - a +6 ring of intelligence
 q - the ring "Yziamimp" (left hand) {rElec rF- Str+4 Int+4 Slay+4}
   (You found it in a Gauntlet)

   [ring of slaying]

   Str:       It affects your strength (+4).
   Int:       It affects your intelligence (+4).
   Slay:      It affects your accuracy & damage with ranged weapons and melee
   (+4).
   rF:        It makes you vulnerable to fire.
   rElec:     It insulates you from electricity.
 z - the amulet "Wafroemie" (around neck) {Reflect rF+ Will+ Int-4 Slay+3 SH+5}
   (You found it in a Gauntlet)

   [amulet of reflection]

   It reflects blocked missile attacks.
   Int:       It affects your intelligence (-4).
   Slay:      It affects your accuracy & damage with ranged weapons and melee
   (+3).
   rF:        It protects you from fire.
   SH:        It affects your SH (+5).
   Will:      It increases your willpower.
 B - a ring of fire
 C - an amulet of guardian spirit
 O - a ring of protection from cold
Wands
 o - a wand of roots (20)
 y - a wand of flame (25)
 A - a wand of charming (20)
 L - a wand of light (6)
Scrolls
 b - 2 scrolls of butterflies
 k - 3 scrolls of teleportation
 l - a scroll of identify
 r - a scroll of torment
 s - 2 scrolls of fear
 x - a scroll of blinking
 H - 2 scrolls of amnesia
 P - a scroll of brand weapon
Potions
 f - a potion of berserk rage
 g - 3 potions of attraction
 i - 3 potions of enlightenment
 m - a potion of lignification
 t - a potion of curing
 v - 2 potions of magic
 G - a potion of degeneration


   Skills:
 - Level 8.0 Fighting
 - Level 14.0 Short Blades
 - Level 5.3 Ranged Weapons
 - Level 5.0 Dodging
 - Level 10.0 Stealth
 + Level 8.0 Spellcasting
 - Level 8.0 Evocations


You had 27 spell levels left.
You didn't know any spells.
Your spell library contained the following spells:

 Spells                   Type           Power      Damage    Failure   Level
 Kiss of Death            Conj/Necr      16%        2d6       19%         1
 Sting                    Tmut/Pois      16%        1d3       19%         1
 Summon Small Mammal      Summ           16%        N/A       19%         1
 Cigotuvi's Dreadful Rot  Necr/Pois/Air  8%         N/A       28%         2
 Poisonous Vapours        Pois/Air       8%         N/A       28%         2
 Sublimation of Blood     Necr           4%         N/A       28%         2
 Wereblood                Tmut           4%         N/A       28%         2
 Call Canine Familiar     Summ           4%         N/A       50%         3
 Confusing Touch          Hex            4%         N/A       50%         3
 Ignite Poison            Fire/Tmut/Pois 4%         N/A       50%         3
 Summon Guardian Golem    Hex/Summ       4%         N/A       50%         3
 Animate Dead             Necr           4%         N/A       88%         4
 Dispel Undead            Necr           4%         3d7       88%         4
 Olgreb's Toxic Radiance  Pois           4%         N/A       88%         4
 Blade Hands              Tmut           2%         N/A       99%         5
 Freezing Cloud           Conj/Ice/Air   2%         6-21      99%         5
 Irradiate                Conj/Tmut      2%         3d12      99%         5
 Dragon Form              Tmut           2%         N/A       100%        7
 Haunt                    Necr/Summ      2%         N/A       100%        7
 Summon Hydra             Summ           2%         N/A       100%        7
 Infestation              Necr           2%         N/A       100%        8


Dungeon Overview and Level Annotations

Branches:
Dungeon (9/15)             Temple (1/1) D:4            Lair (1/5) D:9
Ossuary (visited)         Gauntlet (1/1)
    Orc: D:9-12

Altars:
Ashenzari
Cheibriados
Dithmenos
Fedhas
Gozag
Hepliaklqana
Kikubaaqudgha
Makhleb
Nemelex Xobeh
Okawaru
Qazlal
Ru
Sif Muna
Trog
Uskayaw
Vehumet
Wu Jian
Xom
Yredelemnul
Zin
The Shining One

Shops:
D:5 *   D:8 (

Annotations:
Gauntlet 6 transporters


Innate Abilities, Weirdness & Mutations

Your life essence is reduced to manifest your ancestor. (-10% HP)
You are small and have problems with some larger weapons.
You are completely attuned to the shadows.
You are somewhat resistant to further mutation.
You occasionally lose the ability to read scrolls when taking damage.


Message History

A minotaur comes into view. It is wielding a staff of earth.
Found a wand of charming (2).
Found a gate leading back out of this place.
There is an open door here.
You swap places.
Something hits Londisizwe!
Something shatters Londisizwe!
Something hits Londisizwe!!
Londisizwe is destroyed!
The minotaur throws a javelin.
The javelin pierces through you!!
The minotaur throws a javelin.
The javelin barely misses you.
You feel better.
You are confused.
You feel invigorated.
The minotaur hits you with a staff of earth!!
The minotaur hits you with a staff of earth!
You feel threatened and lose the ability to read scrolls!
* * * LOW HITPOINT WARNING * * *
The minotaur gores you but does no damage.
You hit the minotaur but do no damage.
The minotaur is poisoned.
You hit the minotaur but do no damage.
The minotaur looks as sick as possible!
You puncture the minotaur!
The minotaur looks as sick as possible!
You punch the minotaur. You hit the minotaur.
The minotaur looks as sick as possible!
The minotaur is moderately wounded.
You can read scrolls again.
The minotaur completely misses you.
The minotaur hits you but does no damage.
The minotaur barely misses you.
You bump into the metal wall.
The minotaur hits you with a staff of earth!
* * * LOW HITPOINT WARNING * * *
The minotaur completely misses you. The minotaur closely misses you.
Unknown command.
Unknown command.
You are too confused!
Unknown command.
You bump into the metal wall.
The minotaur hits you with a staff of earth!!
You feel threatened and lose the ability to read scrolls!
You die...

..8.........................8....
.........#≈#########≈#...........
#≈#§#≈#§####.......####≈#≈#§#≈#≈#
###########..8.8.8.. ###########
#...©.©.©.. ............
##.###.###.# #.###.###.##
......@..... ##.###H###.#
...........# ####H####### #.# .H∩
+⌠... #...⌠+


You could see a minotaur (extremely poisoned).

Vanquished Creatures
  Harold (D:9)
  A tengu warrior (D:8)
  A kobold demonologist (D:9)
  An efreet (D:8)
  A hornet (D:8)
  A dream sheep (D:7)
  The ghost of reriks the Magician, an amateur DEFE of the Shining One (D:4)
  Sigmund (D:5)
  6 shadows (Gauntlet)
  4 yaks
  A steam dragon (D:9)
  A water moccasin (D:6)
  5 orc warriors
  An ice beast (D:7)
  A sky beast (D:8)
  An ogre (D:5)
  2 black bears (D:6)
  4 centaurs
  A phantom (D:6)
  The ghost of SirDiesAlot the Sneak, an amateur OpEn (D:5)
  2 kobold brigands
  6 bullfrogs
  2 gnoll sergeants (D:8)
  5 scorpions
  3 water moccasin zombies (Ossuary)
  5 wights (D:8)
  A howler monkey (D:5)
  3 electric eels (D:8)
  4 hounds
  3 jellies
  3 orc priests
  5 gnoll boudas
  2 iguanas (D:6)
  A sleepcap (D:8)
  7 orc wizards
  2 mummies (Ossuary)
  28 gnolls
  11 adders
  3 adder zombies (Ossuary)
  2 worms (D:2)
  4 dart slugs
  35 orcs
  4 bats
  6 endoplasms
  2 giant cockroaches
  3 gnoll zombies (Ossuary)
  8 goblins
  8 hobgoblins
  7 jackals
  16 kobolds
  4 quokkas
  8 ball pythons
  5 frilled lizards
  5 hobgoblin zombies (Ossuary)
  4 kobold zombies (Ossuary)
  7 orc zombies (Ossuary)
  7 rats
267 creatures vanquished.

Vanquished Creatures (collateral kills)
  A dire elephant (Gauntlet)
  A centaur warrior (D:8)
  An elephant (Gauntlet)
  2 dream sheep (D:7)
  4 yaks
  A steam dragon (D:6)
  A centaur (D:8)
  A gnoll sergeant (D:8)
  A scorpion (D:9)
  A killer bee (D:8)
  A hound (D:8)
  A gnoll bouda (D:8)
  An orc wizard (D:8)
  6 gnolls (D:8)
  2 orcs (D:6)
  3 jackals (D:8)
  3 kobolds (D:9)
31 creatures vanquished.

Vanquished Creatures (others)
  A howler monkey (D:8)
  A jelly (D:8)
  4 hexers
  An ancestor (D:7)
7 creatures vanquished.

Grand Total: 305 creatures vanquished

Notes
Turn   | Place    | Note
-------+----------+-------------------------------------------
     0 | D:1      | Newt the Kobold Hunter began the quest for the Orb.
     0 | D:1      | Reached XP level 1. HP: 12/12 MP: 1/1
    39 | D:1      | Reached XP level 2. HP: 18/18 MP: 2/2
   510 | D:2      | Reached XP level 3. HP: 21/23 MP: 3/3
   972 | D:2      | Reached XP level 4. HP: 30/30 MP: 2/4
  1327 | D:2      | Found a faded altar of an unknown god.
  1968 | D:3      | Reached skill level 5 in Fighting
  2231 | D:3      | Reached skill level 1 in Short Blades
  2375 | D:3      | Reached XP level 5. HP: 35/35 MP: 0/5
  2478 | D:3      | Reached skill level 2 in Short Blades
  2681 | D:3      | Noticed a bullfrog
  2700 | D:3      | Killed a bullfrog
  2701 | D:3      | Reached skill level 4 in Short Blades
  2715 | D:3      | Reached XP level 6. HP: 8/40 MP: 0/6
  3198 | D:4      | Reached skill level 5 in Short Blades
  3226 | D:4      | Found a burning altar of Makhleb.
  3830 | D:4      | Reached skill level 6 in Short Blades
  3896 | D:4      | Found an ornate altar of the Wu Jian Council.
  4028 | D:4      | Found a staircase to the Ecumenical Temple.
  4034 | Temple   | Entered the Ecumenical Temple
  4141 | Temple   | Became a worshipper of Hepliaklqana the Forgotten
  4167 | D:4      | Found a large runed translucent door.
  4168 | D:4      | Found a large runed translucent door.
  4521 | D:4      | Noticed reriks's ghost (amateur DEFE)
  4527 | D:4      | Killed reriks's ghost
  4528 | D:4      | Reached skill level 7 in Short Blades
  4528 | D:4      | Reached XP level 7. HP: 44/44 MP: 4/10
  4706 | D:5      | Entered Level 5 of the Dungeon
  4730 | D:5      | Found Leizucer's Lightly-Used Armoury.
  4760 | D:5      | Found a runed translucent door.
  4774 | D:5      | Noticed SirDiesAlot's ghost (amateur OpEn)
  4822 | D:5      | Killed SirDiesAlot's ghost
  4889 | D:5      | Found a sand-covered staircase.
  4893 | Ossuary  | Entered an ossuary
  5242 | Ossuary  | Reached XP level 8. HP: 43/49 MP: 5/14
  5605 | D:5      | Identified a scroll of acquirement
  5610 | D:5      | Acquired a +1 quick blade of venom
  5679 | D:5      | Reached skill level 5 in Spellcasting
  5753 | D:5      | Noticed Sigmund
  5757 | D:5      | Killed Sigmund
  5855 | D:5      | Gained mutation: You expend magic power (3 MP) to
                  | strengthen your wands. [potion of mutation]
  5855 | D:5      | Gained mutation: Your body sometimes deteriorates upon
                  | taking damage. [potion of mutation]
  5855 | D:5      | Gained mutation: Your muscles are strong. (Str +4, Int/Dex
                  | -1) [potion of mutation]
  5856 | D:5      | Lost mutation: You expend magic power (3 MP) to strengthen
                  | your wands. [potion of mutation]
  5856 | D:5      | Lost mutation: Your muscles are strong. (Str +4, Int/Dex
                  | -1) [potion of mutation]
  5856 | D:5      | Gained mutation: You are somewhat resistant to further
                  | mutation. [potion of mutation]
  5998 | D:5      | Lost mutation: Your body sometimes deteriorates upon taking
                  | damage. [potion of mutation]
  5998 | D:5      | Lost mutation: You are somewhat resistant to further
                  | mutation. [potion of mutation]
  5998 | D:5      | Gained mutation: You occasionally lose the ability to read
                  | scrolls when taking damage. [potion of mutation]
  5998 | D:5      | Gained mutation: You are somewhat resistant to further
                  | mutation. [potion of mutation]
  6146 | D:5      | Reached skill level 5 in Stealth
  6360 | D:5      | Reached * piety under Hepliaklqana
  6715 | D:6      | Reached XP level 9. HP: 54/54 MP: 4/18
  6947 | D:6      | Reached skill level 5 in Dodging
  7001 | D:6      | Reached skill level 1 in Evocations
  7299 | D:6      | Found a sparkling altar of Nemelex Xobeh.
  7476 | D:6      | Reached skill level 5 in Evocations
  8242 | D:7      | Reached ** piety under Hepliaklqana
  8271 | D:7      | Remembered your ancestor Londisizwe as a hexer
  8788 | D:7      | Reached skill level 10 in Stealth
  8788 | D:7      | Reached XP level 10. HP: 53/53 MP: 10/19
  8791 | D:7      | Reached skill level 8 in Short Blades
  8798 | D:7      | Reached skill level 9 in Short Blades
  8922 | D:7      | Identified the +1 scimitar "Ziap" {drain, rElec}
  9355 | D:7      | Reached skill level 10 in Short Blades
  9659 | D:7      | Found a shimmering blue altar of Sif Muna.
 10271 | D:8      | Found Liydaerr's Weapon Emporium.
 10288 | D:8      | Bought a +0 quick blade for 165 gold pieces
 10482 | D:8      | Identified the +3 flail "Joaptoi" {drain, rN+}
 10829 | D:8      | Reached *** piety under Hepliaklqana
 10863 | D:8      | Noticed an efreet
 10867 | D:8      | Noticed a tengu warrior
 10867 | D:8      | Noticed a centaur warrior
 11453 | D:8      | Found a shadowy altar of Dithmenos.
 11458 | D:8      | Found a hide-covered altar of Uskayaw.
 11460 | D:8      | Found an opulent altar of Gozag.
 11461 | D:8      | Found an ancient bone altar of Kikubaaqudgha.
 11466 | D:8      | Found a bloodstained altar of Trog.
 11494 | D:8      | Reached XP level 11. HP: 61/61 MP: 15/20
 11670 | D:8      | Killed a centaur warrior
 11906 | D:8      | Reached skill level 11 in Short Blades
 12015 | D:8      | Killed a tengu warrior
 12016 | D:8      | Reached skill level 12 in Short Blades
 12865 | D:9      | Reached skill level 13 in Short Blades
 13079 | D:9      | Noticed Harold
 13092 | D:9      | Killed Harold
 13101 | D:9      | Acquired 711 gold pieces
 13459 | D:9      | Found a staircase to the Lair.
 13610 | Lair:1   | Entered Level 1 of the Lair of Beasts
 13619 | Lair:1   | Found a gate leading to a gauntlet.
 13625 | Gauntlet | Entered a Gauntlet
 13625 | Gauntlet | Found a transporter.
 13631 | Gauntlet | Noticed a death drake
 13631 | Gauntlet | Found a transporter.
 13671 | Gauntlet | Found a transporter.
 13683 | Gauntlet | Noticed a wizard
 13683 | Gauntlet | Noticed a wizard
 13684 | Gauntlet | Found a transporter.
 13700 | Gauntlet | Noticed a sixfirhy
 13704 | Gauntlet | Noticed a sixfirhy
 13707 | Gauntlet | Found a transporter.
 13707 | Gauntlet | Found a transporter.
 13730 | Gauntlet | Noticed a dire elephant
 13745 | Gauntlet | Found a transporter.
 13745 | Gauntlet | Found a transporter.
 13747 | Gauntlet | Found a runed translucent door.
 13750 | Gauntlet | Noticed a sixfirhy
 13752 | Gauntlet | Noticed a sixfirhy
 13759 | Gauntlet | Found a transporter.
 13760 | Gauntlet | Found a runed translucent door.
 13793 | Gauntlet | Found a transporter.
 13796 | Gauntlet | Noticed an elephant
 13907 | Gauntlet | Reached skill level 14 in Short Blades
 14060 | Gauntlet | Identified the ring "Yziamimp" {rElec rF- Str+4 Int+4
                  | Slay+4}
 14181 | Gauntlet | Killed a dire elephant
 14182 | Gauntlet | Reached XP level 12. HP: 19/65 MP: 14/23
 14347 | Gauntlet | Identified the amulet "Wafroemie" {Reflect rF+ Will+ Int-4
                  | Slay+3 SH+5}
 14370 | Gauntlet | Noticed a minotaur
 14383 | Gauntlet | Mangled by a minotaur

Illustrated notes

Levels and vault maps discovered:
D:1:      wander_arrival_peaceful_grave, layout_basic, serial_glass,
          glass_columns_a, glass_columns_b, glass_columns_b, glass_columns_a,
          glass_columns_b
D:2:      layout_loops_ring, shapermc_ecumenical_altar_mp_ritualfount
D:3:      minmay_razor_zed, layout_basic, nicolae_elyvilon_temple_path
D:4:      layout_basic, mainiacjoe_overflow_paths, mainiacjoe_overflow_alcove_4,
          minmay_temple_entry_offerings, ebering_ghost_disaster_area,
          minivault_1
D:5:      layout_cave_pods, enter_ossuary_5, ebering_ghost_sewer_d,
          kennysheep_nondescript, minmay_shop_damaged,
          hangedman_decor_peaks_small, uniq_sigmund
D:6:      layout_basic, kennysheep_little_box, corexii_checkpoint_a,
          minmay_a_box_with_orc_wizards_in_it
D:7:      layout_basic, led_sif_book, dreamdust_gnoll_shepherd
D:8:      nzn_winding_woodlands_medium [nzn_winding_woodlands_5x5_perimeter,
          nzn_winding_woodlands_5x15_river_crossing,
          nzn_winding_woodlands_5x5_cross,
          nzn_winding_woodlands_5x5_checkerboard,
          nzn_winding_woodlands_center_triple_pond,
          nzn_winding_woodlands_5x5_open_star, nzn_winding_woodlands_5x5_three,
          nzn_winding_woodlands_5x15_default,
          nzn_winding_woodlands_5x5_default], layout_cave_pools,
          chequers_temple_overflow_minitemple, serial_gnoll_camp,
          gnoll_camp_huts_moat, gnoll_camp_medium_02, gnoll_camp_mini_shop,
          gnoll_camp_mini_house, grunt_decor_arrowhead,
          chequers_serial_rivers_micro_c
D:9:      layout_rooms, grunt_lair_entry_orc_guard_hut, uniq_harold
Temple:   nicolae_temple_x_marks_the_god
Lair:1:   layout_regular_city, gauntlet_entry_generic, uniq_nergalle
Gauntlet: minmay_gauntlet_mixed_oops_all_seconds
          [minmay_gauntlet_arena_77_block_sizes, nicolae_gauntlet_arena_grate_2,
          minmay_gauntlet_arena_77_cramped, gammafunk_gauntlet_arena_teeth,
          minmay_gauntlet_arena_77_p_blocks, gammafunk_gauntlet_arena_mazey,
          gauntlet_exit_hidden_loot]

Skill      XL: |  1  2  3  4  5  6  7  8  9 10 11 12 |
---------------+-------------------------------------+-----
Fighting       | 3 4 5 8 |  8.0
Short Blades   | 1 4 7 10 14 | 14.0
Spellcasting   | 2 4 6 7 8 |  8.0
Stealth        | 6 10 | 10.0
Dodging        | 4 5 |  5.0
Evocations     | 5 7 8 |  8.0
Ranged Weapons | |  5.3

Action                     |  1- 3 |  4- 6 |  7- 9 | 10-12 || total
---------------------------+-------+-------+-------+-------++-------
  Melee: Short sword       |    34 |   237 |   167 |       ||   438
         Punch             |     2 |     1 |    10 |     9 ||    22
         Quick blade       |       |       |   225 |   501 ||   726
   Fire: Shortbow          |    64 |       |       |       ||    64
 Invoke: Ancestor Life: He |       |       |     1 |       ||     1
         Recall Ancestor   |       |       |       |     3 ||     3
         Transference      |       |       |       |     1 ||     1
  Evoke: Wand              |       |       |       |     8 ||     8
    Use: Scroll            |     2 |     9 |     8 |     8 ||    27
         Potion            |       |     3 |     4 |     5 ||    12
   Stab: Sleeping          |     1 |    16 |    20 |    10 ||    47
         Distracted        |     1 |       |       |     7 ||     8
         Confused          |       |       |     1 |     6 ||     7
         Invisible         |       |       |       |     1 ||     1
 Armour: Leather armour    |     8 |    27 |    28 |    20 ||    83
         Steam dragon scal |       |       |     6 |    20 ||    26
  Dodge: Dodged            |    47 |    78 |   122 |   139 ||   386
  Block: Other             |       |    20 |    31 |    46 ||    97
         Reflection        |       |       |       |     6 ||     6

Table legend: (Time is in decaauts)
 A = Elapsed time spent in this place.
 B = Non-inter-level travel time spent in this place.
 C = Inter-level travel time spent in this place.
 D = Time resting spent in this place.
 E = Time spent auto-exploring this place.
 F = Levels seen in this place.
 G = Mean time per level.
                   A        B        C        D        E       F      G
               +--------+--------+--------+--------+--------+-----+--------+
         Total |  14073 |  13735 |    338 |   2431 |   9397 |  13 | 1082.5 |
       Dungeon |  12556 |  12243 |    313 |   2067 |   8530 |   9 | 1395.1 |
        Temple |    117 |     92 |     25 |      0 |     83 |   1 |  117.0 |
          Lair |     14 |     14 |      0 |      0 |      0 |   1 |   14.0 |
       Ossuary |    645 |    645 |      0 |      0 |    565 |   1 |  645.0 |
      Gauntlet |    739 |    739 |      0 |    364 |    219 |   1 |  739.0 |
               +--------+--------+--------+--------+--------+-----+--------+

Top non-repeatable levels by time:
     D:8: 2719 daAuts
     D:7: 1649 daAuts
     D:4: 1638 daAuts
     D:6: 1405 daAuts
     D:3: 1303 daAuts
     D:5: 1153 daAuts
     D:9: 1138 daAuts
     D:2: 1042 daAuts
Gauntlet: 739 daAuts
 Ossuary: 645 daAuts
     D:1: 505 daAuts
  Temple: 117 daAuts
  Lair:1: 14 daAuts
